 Dungeon Crawl Stone Soup version 0.24.0-1-gfbc8707122 (webtiles) character file.

Game seed: 13815362533860105433, levelgen mode: deterministic

35 Emblim88 the Sneak (level 3, -1/21 HPs)
             Began as an Octopode Enchanter on Oct 27, 2019.
             Slain by a jackal (2 damage)
             ... on level 3 of the Dungeon.
             The game lasted 00:03:46 (1746 turns).

Emblim88 the Sneak (Octopode Enchanter)             Turns: 1746, Time: 00:03:47

Health: -1/21      AC:  1    Str:  7    XL:     3   Next: 33%
Magic:  3/6        EV: 13    Int: 17    God:
Gold:   157        SH:  0    Dex: 13    Spells: 0/6 levels left

rFire    . . .     SeeInvis .   a - +1 dagger
rCold    . . .     Gourm    .   (no shield)
rNeg     . . .     Faith    .   (helmet restricted)
rPois    .         Spirit   .   (no amulet)
rElec    .         Reflect  .   (no ring)
rCorr    .         Harm     .   (no ring)
MR       .....                  (no ring)
Stlth    ++++......             (no ring)
HPRegen  0.07/turn              (no ring)
MPRegen  0.10/turn              (no ring)
                                (no ring)
                                (no ring)

@: no status effects
A: almost no armour, stealthy swim, amphibious, 8 rings, constrict 8, camouflage
1, gelatinous body 1
a: no special abilities


You were on level 3 of the Dungeon.
You were very hungry.

You visited 1 branch of the dungeon, and saw 3 of its levels.

You collected 157 gold pieces.

Inventory:

Hand Weapons
 a - a +1 dagger (weapon)
Missiles
 i - 31 poisoned darts (quivered)
Jewellery
 p - an uncursed ring of magical power {unknown}
Scrolls
 d - 4 scrolls of identify {unknown}
 e - a scroll of enchant weapon {unknown}
 h - a scroll of remove curse {unknown}
 j - a scroll of amnesia {unknown}
 m - a scroll of random uselessness {unknown}
 n - a scroll of blinking {unknown}
Potions
 b - a potion of invisibility {unknown}
 f - a potion of curing {unknown}
 g - a potion of mutation {unknown}
 k - a potion of brilliance {unknown}
 l - a potion of agility {unknown}
 o - 2 potions of degeneration {unknown}
Comestibles
 c - 6 rations


   Skills:
 + Level 1.4 Short Blades
 + Level 2.3 Dodging
 * Level 4.6 Stealth
 + Level 2.2 Spellcasting
 + Level 3.3 Hexes


You couldn't memorise any spells.
You knew the following spells:

 Your Spells              Type           Power        Failure   Level  Hunger
a - Corona                Hex            ##.....      4%          1    #......
b - Ensorcelled Hibernat  Hex/Ice        #.....       14%         2    ###....
c - Confuse               Hex            ##......     14%         3    ###....

Your spell library contained the following spells:

 Spells                   Type           Power        Failure   Level  Hunger
 Tukima's Dance           Hex            ##......     14%         3    ###....
 Dazzling Spray           Conj/Hex       #.....       28%         3    ###....


Dungeon Overview and Level Annotations

Branches:
Dungeon (3/15)

Altars:
Cheibriados


Innate Abilities, Weirdness & Mutations

You cannot wear most types of armour.
You are very stealthy in the water. (Stealth+)
You are amphibious.
You can wear up to eight rings at the same time.
You can use your tentacles to constrict eight enemies at once.
Your skin changes colour to match your surroundings (Stealth+).
Your rubbery body absorbs attacks. (AC +1, EV +1)


Message History

The worm is heavily wounded.
You constrict the worm. You hit the worm.
The worm is severely wounded.
You constrict the worm. The worm bites you!
* * * LOW HITPOINT WARNING * * *
You hit the worm.
The worm is severely wounded.
You constrict the worm. You hit the worm.
You kill the worm!
The jackal barks!
Your magical contamination has completely faded away.
There is an escape hatch in the floor here.
The jackal bites you.
* * * LOW HITPOINT WARNING * * *
You barely miss the jackal.
The jackal barks!
Your grab misses the jackal. The jackal bites you.
You die...

#### ..# ##.#
.#.#########################
........>..h...h@...........
.#.#####.##########.#############
.#.# #.# #.# #..... .#.# #.# #.#
#.#### .#.# #.# #.# ######.####
##.# #.# #.# #......#<.# #.# #.#
#.# #.#######.# #.# #.# #.#
#.#######(# #.# #.# #.#...(...#


You could see 2 jackals.

Vanquished Creatures
  A worm (D:3)
  A leopard gecko (D:2)
  An orc (D:3)
  A giant cockroach (D:1)
  4 goblins
  2 hobgoblins (D:1)
  A quokka (D:3)
  8 bats
  3 frilled lizards
  4 kobolds
  A leopard gecko skeleton (D:2)
  2 rats
29 creatures vanquished.

Notes
Turn   | Place    | Note
-------+----------+-------------------------------------------
     0 | D:1      | Emblim88 the Octopode Enchanter began the quest for the
                  | Orb.
     0 | D:1      | Reached XP level 1. HP: 11/11 MP: 3/3
   321 | D:1      | Reached XP level 2. HP: 16/17 MP: 5/5
   462 | D:1      | Learned a level 2 spell: Ensorcelled Hibernation
   754 | D:2      | Found a snail-covered altar of Cheibriados.
  1266 | D:2      | Reached XP level 3. HP: 20/21 MP: 6/6
  1566 | D:3      | Learned a level 3 spell: Confuse
  1633 | D:3      | Found a faded altar of an unknown god.
  1745 | D:3      | HP: 1/21 [jackal (3)]
  1746 | D:3      | Slain by a jackal

Levels and vault maps discovered:
D:1:      scummos_arrival_forest, layout_rooms
D:2:      layout_basic, lemuel_coloured_pillars_altar, due_unseen_surprise
D:3:      layout_basic, chequers_ecumenical_altar_simple, first_ration,
          serial_bayou_pond_b, kennysheep_generic_room_3

Action                   || total
-------------------------++-------
Melee: Dagger            ||    63
       Constrict         ||    11
       Tentacles         ||     8
 Cast: Ensorcelled Hiber ||    11
 Stab: Sleeping          ||    12
  Eat: Chunk             ||     2
Armor: Skin              ||    10
Dodge: Dodged            ||    31
